 Dungeon Crawl Stone Soup version 0.20.1-1-g8b1a95d (webtiles) character file.

77 Plasmagod the Gusty (level 3, -4/27 HPs)
             Began as a Demigod Air Elementalist on Jan 3, 2018.
             Killed from afar by an orc wizard (8 damage)
             ... with a puff of frost
             ... on level 3 of the Dungeon.
             The game lasted 00:12:09 (1853 turns).

Plasmagod the Gusty (Demigod Air Elementalist)      Turns: 1853, Time: 00:12:12

Health: -4/27      AC:  2    Str: 11    XL:     3   Next: 91%
Magic:  2/8        EV: 13    Int: 21    God:
Gold:   64         SH:  0    Dex: 16    Spells: 2/6 levels left

rFire    . . .     SeeInvis .   g - +0 hand axe
rCold    . . .     Gourm    .   (no shield)
rNeg     . . .     Faith    .   a - +0 robe
rPois    .         Spirit   .   (no helmet)
rElec    .         Reflect  .   (no cloak)
rCorr    .         Harm     .   (no gloves)
MR       .....                  (no boots)
Stlth    ++........             (no amulet)
Regen    0.1/turn               (no ring)
MPRegen  0.2/turn               (no ring)

@: very slightly contaminated
A: high mp 1
a: no special abilities


You were on level 3 of the Dungeon.
You were not hungry.

You visited 1 branch of the dungeon, and saw 3 of its levels.

You collected 64 gold pieces.

Inventory:

Hand Weapons
 g - a +0 hand axe (weapon)
Armour
 a - a +0 robe (worn)
Scrolls
 d - 2 scrolls of remove curse {unknown}
 h - a scroll of enchant weapon {unknown}
 i - a scroll of identify {unknown}
 j - a scroll of recharging {unknown}
 l - a scroll of noise {unknown}
Potions
 e - a potion of haste {unknown}
 k - a potion of heal wounds
 m - a potion of degeneration {unknown}
 n - a potion of ambrosia {unknown}
Books
 b - a book of Air

   Spells                             Type                      Level
   a - Shock                          Conjuration/Air              1
   b - Swiftness                      Charms/Air                   2
   c - Static Discharge               Conjuration/Air              3
   d - Airstrike                      Air                          4
   e - Lightning Bolt                 Conjuration/Air              5
Comestibles
 c - 5 bread rations


   Skills:
 + Level 0.5 Fighting
 + Level 1.0 Axes
 + Level 2.1 Dodging
 + Level 2.3 Stealth
 + Level 2.0 Spellcasting
 + Level 1.4 Conjurations
 + Level 3.3 Air Magic


You had 2 spell levels left.
You knew the following spells:

 Your Spells              Type           Power        Failure   Level  Hunger
a - Shock                 Conj/Air       ##..         5%          1    #......
b - Static Discharge      Conj/Air       ##......     17%         3    ###....


Dungeon Overview and Level Annotations

Branches:
Dungeon (3/15)


Innate Abilities, Weirdness & Mutations

You have an increased reservoir of magic. (+10% MP)


Message History

The orc closely misses you.
You hit the orc.
You kill the orc!
The orc wizard hits you with a dagger.
You see here a trident.
You hit the orc wizard but do no damage.
The orc wizard is almost dead.
The orc wizard hits you but does no damage.
The orc wizard barely misses you.
You closely miss the orc wizard.
The orc wizard is almost dead.
The orc wizard hits you with a dagger.
You completely miss the orc wizard.
The orc wizard is almost dead.
The orc wizard casts a spell at you. The puff of frost hits you!
* * * LOW HITPOINT WARNING * * *
The orc wizard gestures at you while chanting.
The puff of frost hits you!
You die...

... ≈≈ ... #≈ .. ≈ #
#. ≈# ≈#≈ #'####.##≈
≈≈ #.# ........≈ ≈#≈
#..##
........###≈≈##≈....
..........##≈≈....#
.......o@.........##
.[......#..........#
........#..........#
........#..........#
........#..........#
........#..........#
#.#######..........#
..........
#.##.......#
....()....
#.##.......###


You could see an orc wizard.

Vanquished Creatures
  Jessica (D:2)
  An ooze (D:2)
  A worm (D:2)
  A dart slug (D:1)
  A leopard gecko (D:3)
  2 orcs (D:3)
  3 bats (D:1)
  A giant cockroach (D:2)
  6 hobgoblins
  4 jackals (D:2)
  A quokka (D:2)
  A ball python (D:2)
  4 frilled lizards
  A goblin (D:3)
  5 kobolds
  7 rats
40 creatures vanquished.

Notes
Turn   | Place    | Note
-------+----------+-------------------------------------------
     0 | D:1      | Plasmagod the Demigod Air Elementalist began the quest for the Orb.
     0 | D:1      | Reached XP level 1. HP: 14/14 MP: 5/5
   286 | D:1      | Reached skill level 3 in Air Magic
   312 | D:1      | Reached XP level 2. HP: 9/20 MP: 1/7
   810 | D:2      | Found a sacrificial altar of Ru.
   930 | D:2      | Reached skill level 1 in Conjurations
  1039 | D:2      | Noticed Jessica
  1042 | D:2      | Killed Jessica
  1042 | D:2      | Reached XP level 3. HP: 26/26 MP: 4/8
  1081 | D:2      | Learned a level 3 spell: Static Discharge
  1775 | D:3      | Found a faded altar of an unknown god.
  1837 | D:3      | Reached skill level 1 in Axes
  1853 | D:3      | Killed from afar by an orc wizard

Skill      XL: |  1  2  3 |
---------------+----------+-----
Air Magic      | 3 |  3.3
Dodging        | 2 |  2.1
Stealth        | 2 |  2.3
Conjurations   | 1 |  1.4
Spellcasting   | 2 |  2.0
Axes           | 1 |  1.0
Fighting       | |  0.5

Action                   || total
-------------------------++-------
Melee: Hand axe          ||    76
       Unarmed           ||     5
 Cast: Shock             ||    68
  Use: Scroll            ||     3
       Potion            ||     1
  Eat: Chunk             ||     4
Armor: Robe              ||     6
Dodge: Dodged            ||    53
